AoeStats
← 根本赢不了

African Clearing

510461181Analyzed
4v4 RM · 5h ago on Oct 1, 2026· 45m 12s· 8 players
Game mode
Random Map
Map size
Large (8 player)
Population
200
Speed
Normal
Resources
Standard
Victory
Conquest
Starting age
Dark Age
Ending age
Imperial Age
RankedLock teamsTeams togetherTeam positionsShared explorationLock speedFull tech treeHidden civsTurbo modeCheats
Victory
Defeat
🇲🇽 Hindustanis · Mexico
1291
+13
🇲🇽 Franks · Mexico
1269
+14
🇲🇽 Mongols · Mexico
1210
+17
🇲🇽 Spanish · Mexico
1167
+18
🇧🇩 Varangians · Bangladesh
1292
-18
🇨🇳 Spanish · China
1214
-15
🇨🇳 Danes · China
1207
-21
🇧🇩 Italians · Bangladesh
1194
-14
根本赢不了
9:01 Loom
14:56 Feudal Age
18:59 Castle Age
19:41 Double-Bit Axe
19:37 Horse Collar
21:00 Scale Mail Armor
28:04 Fletching
36:05 Bodkin Arrow
37:13 Murder Holes
37:27 Town Watch
Aeros
11:07 Loom
13:25 Feudal Age
17:08 Castle Age
15:15 Double-Bit Axe
15:36 Scale Mail Armor
15:46 Forging
15:52 Horse Collar
21:17 Arson
30:20 Wheelbarrow
29:26 Elite Skirmisher
31:12 Fletching
37:17 Imperial Age
35:35 Forging
35:41 Chain Mail Armor
35:36 Forging
35:28 Squires
38:05 Elite Varangian Guard
LEGEND00007
14:02 Feudal Age
15:07 Double-Bit Axe
19:13 Loom
24:00 Castle Age
22:39 Fletching
25:52 Crossbowman
28:57 Padded Archer Armor
38:10 Bodkin Arrow
38:47 Stone Mining
RedScott
5:52 Loom
15:14 Feudal Age
19:40 Castle Age
18:20 Gold Mining
18:25 Double-Bit Axe
21:38 Bow Saw
21:49 Stone Mining
23:23 Stone Shaft Mining
27:10 Padded Archer Armor
28:06 Leather Archer Armor
28:53 Wheelbarrow
29:13 Husbandry
31:49 Scale Barding Armor
36:21 Imperial Age
34:43 Hand Cart
35:49 Chain Barding Armor
36:57 Bloodlines
37:45 Conscription
38:52 Plate Barding Armor
37:49 Cavalier
39:46 Forging
41:03 Iron Casting
43:26 Blast Furnace
DSLG | Rommel
4:37 Loom
11:21 Feudal Age
12:36 Double-Bit Axe
17:05 Castle Age
26:49 Fletching
30:45 Horse Collar
32:41 Bodkin Arrow
35:07 Bow Saw
35:02 Heavy Plow
35:22 Scale Barding Armor
36:38 Bloodlines
36:28 Husbandry
36:36 Thumb Ring
38:42 Town Watch
39:31 Padded Archer Armor
40:54 Wheelbarrow
42:14 Ballistics
42:05 Fortified Wall
43:59 Forging
43:49 Scale Mail Armor
43:49 Pikeman
44:29 Squires
44:15 Arson
45:33 Masonry
Chorizaurus Rex
13:43 Feudal Age
15:47 Loom
20:27 Castle Age
18:38 Double-Bit Axe
28:25 Wheelbarrow
30:48 Town Watch
34:19 Bloodlines
37:48 Husbandry
42:45 Imperial Age
43:24 Elite Conquistador
Seifer
7:39 Loom
12:03 Feudal Age
12:34 Town Watch
13:21 Double-Bit Axe
18:13 Castle Age
19:21 Bow Saw
23:40 Wheelbarrow
25:57 Gold Mining
27:52 Gold Shaft Mining
31:24 Imperial Age
29:54 Scale Barding Armor
29:59 Forging
30:29 Husbandry
31:08 Hand Cart
31:39 Chain Barding Armor
31:44 Cavalier
33:01 Plate Barding Armor
33:02 Iron Casting
34:20 Paladin
36:36 Blast Furnace
35:19 Light Cavalry
[CL]TrunicC
10:54 Loom
13:01 Feudal Age
17:20 Castle Age
15:27 Double-Bit Axe
16:12 Gold Mining
17:26 Horse Collar
18:59 Forging
22:21 Scale Mail Armor
24:03 Squires
27:04 Wheelbarrow
27:31 Chain Mail Armor
27:17 Arson
28:37 Iron Casting
29:02 Bow Saw
31:43 Hand Cart
35:25 Imperial Age
34:19 Fletching
34:36 Horse Collar
37:36 Blast Furnace
40:05 Bodkin Arrow
42:38 Elite Ghulam
44:37 Conscription
Connection lost

Rejoining the realm…

Still unreachable

The connection could not be restored.

Session expired

The server has moved on; the page needs a fresh start.